 Dungeon Sprint DCSS version 0.26-a0-591-g04f19ec (webtiles) character file.

Game seed: 12268262919344475828

24 CrawlingInMySkin the Stinger (level 3, -1/18 HPs)
             Began as an Octopode Venom Mage on Aug 24, 2020.
             Was a Follower of Hepliaklqana.
             Slain by a water moccasin (4 damage)
             ... in the Dungeon (Sprint VII: "The Pits").
             The game lasted 00:04:56 (386 turns).

CrawlingInMySkin the Stinger (Octopode Venom Mage)   Turns: 386, Time: 00:04:57

Health: -1/18      AC:  1    Str:  7    XL:     3   Next: 2%
Magic:  5/7        EV: 14    Int: 18    God:    Hepliaklqana [*.....]
Gold:   0          SH:  0    Dex: 12    Spells: 5/8 levels left

rFire    . . .     SeeInvis .   a - +2 falchion
rCold    . . .     Faith    .   (no shield)
rNeg     . . .     Spirit   .   (helmet restricted)
rPois    .         Reflect  .   (no amulet)
rElec    .         Harm     .   (no ring)
rCorr    .         NoTele   +   (no ring)
MR       .....                  (no ring)
Stlth    ++++......             (no ring)
HPRegen  0.06/turn              (no ring)
MPRegen  0.10/turn              (no ring)
                                (no ring)
                                (no ring)

@: lethally poisoned (-1 -> -12)
A: almost no armour, stealthy swim, amphibious, 8 rings, constrict 8, reduced
essence, camouflage 1, gelatinous body 1
a: Recall Ancestor, Ancestor Identity, Renounce Religion


You were in the Dungeon.
You worshipped Hepliaklqana.
Hepliaklqana was aware of your devotion.
You visited 1 branch

Inventory:

Hand Weapons
 a - a +2 falchion (weapon)
 l - a +1 dagger of venom
 m - a +2 long sword of holy wrath
Scrolls
 g - a scroll of blinking
 i - 3 scrolls of remove curse
 j - 5 scrolls of amnesia
 k - a scroll of summoning
Potions
 b - 6 potions of curing
 c - 6 potions of heal wounds
 d - a potion of haste
 e - 4 potions of magic
 f - 3 potions of berserk rage
 h - 2 potions of invisibility


   Skills:
 + Level 3.1 Dodging
 + Level 4.4 Stealth
 + Level 3.0 Spellcasting
 + Level 2.5 Transmutations
 + Level 4.7 Poison Magic


You had 5 spell levels left.
You knew the following spells:

 Your Spells              Type           Power        Failure   Level
a - Sting                 Tmut/Pois      ###.         3%          1
b - Poisonous Vapours     Pois/Air       ##....       10%         2

Your spell library contained the following spells:

 Spells                   Type           Power        Failure   Level
 Ignite Poison            Fire/Tmut/Pois ##......     19%         3
 Olgreb's Toxic Radiance  Pois           ###.....     24%         4
 Mephitic Cloud           Conj/Pois/Air  #.......     26%         3


Dungeon Overview and Level Annotations

Branches:
Dungeon (1/1)

Altars:
Ashenzari
Cheibriados
Dithmenos
Elyvilon
Fedhas
Gozag
Hepliaklqana
Kikubaaqudgha
Makhleb
Nemelex Xobeh
Okawaru
Qazlal
Ru
Sif Muna
Trog
Uskayaw
Vehumet
Wu Jian
Xom
Yredelemnul
Zin
The Shining One
Beogh
Jiyva
Lugonu

Annotations:
D Menkaure


Innate Abilities, Weirdness & Mutations

You cannot wear most types of armour.
You are very stealthy in the water. (Stealth+)
You are amphibious.
You can wear up to eight rings at the same time.
You can use your tentacles to constrict eight enemies at once.
Your skin changes colour to match your surroundings (Stealth+).
Your rubbery body absorbs attacks. (AC +1, EV +1)
Your life essence is reduced to manifest your ancestor. (-10% HP)


Message History

The water moccasin is moderately wounded.
The water moccasin bites you!
You are lethally poisoned!
The water moccasin poisons you! The water moccasin barely misses you.
You riposte.
You miss the water moccasin. You grab the water moccasin.
The water moccasin is moderately wounded.
Unknown command.
You hit the water moccasin but do no damage.
The water moccasin is moderately wounded.
You constrict the water moccasin.
You feel sick. The water moccasin closely misses you.
The water moccasin completely misses you.
You riposte.
You hit the water moccasin.
The water moccasin is heavily wounded.
You hit the water moccasin.
The water moccasin is heavily wounded.
You constrict the water moccasin.
You feel sick. The water moccasin bites you.
* * * LOW HITPOINT WARNING * * *
The water moccasin bites you.
You die...

############
#_________.#
#_________.#
#_______...#########
##########'##.......
#.?(.')))R.##......#
##########.##.......
#KS@........'.......
#'#####'#####......#
#.#...#.#[[##.......
#.#...#)#))#####'###
#K#...'.#).##.......
#.##†####.)##.......
#.#..R..#..##.......
#M#.....#R###...<...
#.#........##.......


You could see a water moccasin and a kobold.

Vanquished Creatures
  2 oozes (D)
  3 leopard geckos (D)
  A goblin (D)
  2 jackals (D)
  A frilled lizard (D)
  A leopard gecko skeleton (D)
10 creatures vanquished.

Vanquished Creatures (collateral kills)
  2 jackals (D)
2 creatures vanquished.

Vanquished Creatures (others)
  An ancestor (D)
1 creature vanquished.

Grand Total: 13 creatures vanquished

Notes
Turn   | Place    | Note
-------+----------+-------------------------------------------
     0 | D        | CrawlingInMySkin the Octopode Venom Mage began the quest
                  | for the Orb.
     0 | D        | Reached XP level 1. HP: 11/11 MP: 3/3
    14 | D        | Noticed a scorpion
    39 | D        | Found a glowing golden altar of the Shining One.
    39 | D        | Found a glowing silver altar of Zin.
    39 | D        | Found a basalt altar of Yredelemnul.
    39 | D        | Found a shimmering altar of Xom.
    39 | D        | Found an ornate altar of the Wu Jian Council.
    39 | D        | Found a bloodstained altar of Trog.
    39 | D        | Found a shimmering blue altar of Sif Muna.
    39 | D        | Found a sacrificial altar of Ru.
    39 | D        | Found a stormy altar of Qazlal.
    39 | D        | Found an iron altar of Okawaru.
    39 | D        | Found a sparkling altar of Nemelex Xobeh.
    39 | D        | Found a burning altar of Makhleb.
    39 | D        | Found a viscous altar of Jiyva.
    39 | D        | Found a hazy altar of Hepliaklqana.
    39 | D        | Found an opulent altar of Gozag.
    39 | D        | Found a blossoming altar of Fedhas.
    39 | D        | Found a white marble altar of Elyvilon.
    39 | D        | Found a shadowy altar of Dithmenos.
    39 | D        | Found a snail-covered altar of Cheibriados.
    40 | D        | Found a radiant altar of Vehumet.
    40 | D        | Found a corrupted altar of Lugonu.
    40 | D        | Found a roughly hewn altar of Beogh.
    41 | D        | Found an ancient bone altar of Kikubaaqudgha.
    41 | D        | Found a hide-covered altar of Uskayaw.
    41 | D        | Found a shattered altar of Ashenzari.
    44 | D        | Became a worshipper of Hepliaklqana the Forgotten
    80 | D        | Reached XP level 2. HP: 15/15 MP: 5/5
   100 | D        | Learned a level 2 spell: Poisonous Vapours
   140 | D        | Reached XP level 3. HP: 7/18 MP: 2/7
   141 | D        | Reached * piety under Hepliaklqana
   370 | D        | Noticed a water moccasin
   371 | D        | Noticed Menkaure
   386 | D        | Slain by a water moccasin

Illustrated notes

Levels and vault maps discovered:
D:        pitsprint [storerooms_1, entrance_room_1, metal_vault_5, armoury_2,
          mini_pit_1, grid_room_1, main_hall_1, silver_pit, the_coven_1,
          the_vestibule_1, steel_vault_3, golden_pit, hallway_of_sentries,
          crystal_vault_4, iron_vault_3, final_vault]

Skill      XL: |  1  2 |
---------------+-------+-----
Stealth        | 3 4 |  4.4
Poison Magic   | 4 |  4.7
Transmutations | 2 |  2.5
Dodging        | 3 |  3.1
Spellcasting   | 3 |  3.0

Action                   || total
-------------------------++-------
Melee: Falchion          ||    17
       Tentacles         ||     3
       Unarmed           ||     1
       Constrict         ||     6
 Cast: Sting             ||     7
Invok: Ancestor Identity ||     1
 Stab: Sleeping          ||     2
Dodge: Dodged            ||    11
       Rpst.: Falchion   ||     4

Table legend: (Time is in decaauts)
 A = Elapsed time spent in this place.
 B = Non-inter-level travel time spent in this place.
 C = Inter-level travel time spent in this place.
 D = Time resting spent in this place.
 E = Time spent auto-exploring this place.
 F = Levels seen in this place.
 G = Mean time per level.
                   A        B        C        D        E       F      G
               +--------+--------+--------+--------+--------+-----+--------+
         Total |    390 |    350 |     40 |    177 |     18 |   1 |  390.0 |
       Dungeon |    390 |    350 |     40 |    177 |     18 |   1 |  390.0 |
               +--------+--------+--------+--------+--------+-----+--------+

Top non-repeatable levels by time:
       D: 390 daAuts
